[Event "*** Titled Tuesday Blitz"]
[Site "Chess.com"]
[Date "2021.03.09"]
[Round "10"]
[White "grandcoach"]
[Black "TeukkaSalama"]
[Result "1-0"]
[WhiteElo "2260"]
[BlackElo "2343"]
[TimeControl "180+1"]
[EndTime "11:59:12 PST"]
[Termination "grandcoach won by checkmate"]

1. e4 e6 2. Nf3 d5 3. e5 c5 4.
b4 d4 5. Na3 cxb4 6. Bb5+ Nc6 7. Nc4 Qd5 8. Bxc6+ bxc6 9. d3 Ba6 10. Qe2 Nh6 11. Bxh6 gxh6 12. Nfd2 Qxg2 13. O-O-O Bxc4 14. Nxc4 Qd5 15. Rhg1 O-O-O 16. Rg4 h5 17. Re4 a5 18. Qxh5 Kb7 19. Qxf7+ Rd7 20. Qf6 Bg7 21. Qh4 a4 22.
Rg1 b3 23. cxb3 axb3 24. axb3 Ra8 25. Kb2 Qc5 26. Ra1 Rxa1 27. Kxa1 Rd8 28. Rg4 Ra8+ 29. Kb2 Bf8 30. Qxh7+ Ka6 31. Rg1 Ra7 32. Ra1+ Kb5 33. Qxa7 Qxa7 34. Rxa7 Bb4 35. Rb7+ Kc5 36. Rxb4 Kxb4 37. h4 Kc5 38. h5 Kd5 39. h6 c5 40.
h7 Kc6 41. h8=Q Kd5 42. Qd8+ Kc6 43. Qd6+ Kb5 44. Qb6# 1-0

[Event "*** Titled Tuesday Blitz"]
[Site "Chess.com"]
[Date "2021.03.09"]
[Round "10"]
[White "LuisFSiles"]
[Black "FMOlexandrProhorov"]
[Result "0-1"]
[WhiteElo "2273"]
[BlackElo "2133"]
[TimeControl "180+1"]
[EndTime "11:59:13 PST"]
[Termination "FMOlexandrProhorov won by resignation"]

1. d4 c5 2. d5 g6 3. Nc3 Bg7 4. e4 d6 5. f4 Nf6 6. Bb5+ Bd7 7. a4 O-O 8. Nf3 Bg4 9. O-O Na6 10. h3 Bxf3 11.
Qxf3 Nc7 12. Bd2 e6 13. dxe6 fxe6 14. Rad1 Qe7 15. Be1 Rab8 16. Bh4 a6 17. Bc4 b5 18. axb5 axb5 19. Be2 b4 20. Nb1 Qd7 21. e5 Nfd5 22.
exd6 Qxd6 23. Bg3 Qe7 24. Bc4 Bxb2 25. Kh2 Bg7 26. Rfe1 Qf6 27. Nd2 Nxf4 28. Ne4 Qf5 29. Nd6 Qg5 30. Qc6 Ncd5 31. Ne4 Qh5 32. Qxc5 Rbc8 33.
Qb5 Kh8 34. Rf1 g5 35. Qd7 Ne3 36. Bxe6 Nexg2 37. Bg4 Qg6 38. Qxc8 Rxc8 39. Bxc8 Ne3 40. Rd8+ Bf8 41. Rxf8+ Kg7 42. Bxf4 Nxf1+ 43. Kg1 gxf4+ 44. Kxf1 Kxf8 45. Bg4 Qxe4 0-1

[Event "*** Titled Tuesday Blitz"]
[Site "Chess.com"]
[Date "2021.03.09"]
[Round "10"]
[White "annacramling"]
[Black "IECS12"]
[Result "0-1"]
[WhiteElo "2040"]
[BlackElo "2223"]
[TimeControl "180+1"]
[EndTime "11:59:14 PST"]
[Termination "IECS12 won by resignation"]

1. d4 Nf6 2. c4 e6 3. Nc3 Bb4 4. Qc2 d5 5. cxd5 exd5 6. Bg5 O-O 7. e3 h6 8. Bh4 c6 9. Nf3 Bg4 10. Ne5 Be6 11. Bd3 Nbd7 12. O-O Be7 13. f4 a5 14.
f5 Nxe5 15. dxe5 Bd7 16. exf6 gxf6 17. Qf2 Bd6 18. e4 b6 19. Kh1 d4 20. Ne2 c5 21.
Nf4 b5 22. Nh5 Be5 23. Qe2 Kh7 24. Rf3 c4 25. Bb1 d3 26. Qd2 Re8 27. Rh3 Bc6 28. Ng3 Rg8 29. Qd1 Qd4 30. Qh5 Qe3 31. Qxh6+ Qxh6 32. Bxf6 Qxh3 33. gxh3 Bxf6 0-1

[Event "*** Titled Tuesday Blitz"]
[Site "Chess.com"]
[Date "2021.03.09"]
[Round "10"]
[White "toog"]
[Black "Grimlock_Glasgow"]
[Result "1-0"]
[WhiteElo "2405"]
[BlackElo "2494"]
[TimeControl "180+1"]
[EndTime "11:59:15 PST"]
[Termination "toog won by resignation"]

1. e4 e5 2. Nf3 d5 3. exd5 Bd6 4. Nc3 Nf6 5. Bb5+ c6 6. dxc6 Nxc6 7. O-O O-O 8. d3 Nd4 9. h3 a6 10. Bc4 b5 11.
Bb3 Bb7 12. Nxd4 exd4 13. Ne2 Qb6 14. Bg5 Qc6 15. f3 Nh5 16. Qd2 Bc5 17. Nf4 Ng3 18. Rfe1 h6 19. Bh4 Nf5 20. Bf2 Ne3 21. c3 dxc3 22.
bxc3 Nf5 23. d4 Bd6 24. Nd5 Rae8 25. Rxe8 Rxe8 26. Re1 Rd8 27. Qd3 Qd7 28. Ne3 Nxe3 29. Bxe3 Bc7 30. c4 Qd6 31. f4 bxc4 32. Bxc4 Qc6 33.
Re2 Re8 34. Qb3 Kh8 35. Bxf7 Rxe3 36. Qxe3 Qf6 37. Qe8+ 1-0

[Event "*** Titled Tuesday Blitz"]
[Site "Chess.com"]
[Date "2021.03.09"]
[Round "10"]
[White "Oligan22"]
[Black "ARTHURMOTIVATOR"]
[Result "1-0"]
[WhiteElo "2484"]
[BlackElo "2343"]
[TimeControl "180+1"]
[EndTime "11:59:16 PST"]
[Termination "Oligan22 won on time"]

1. d4 Nf6 2. Bf4 g6 3. Nc3 d5 4. e3 c6 5. h4 h5 6. Be2 Nbd7 7. Qd2 b5 8. f3 Nb6 9. b3 a5 10. a4 b4 11. Nd1 e6 12. Nh3 Bd6 13. Ndf2 c5 14.
Bxd6 Qxd6 15. dxc5 Qxc5 16. Nd3 Qd6 17. Nhf2 Kf8 18.
O-O-O Bd7 19. Nb2 Qc7 20. g4 Rc8 21. Kb1 Kg7 22. g5 Ne8 23. e4 Kh7 24. Bd3 Nd6 25.
Qf4 Rhe8 26. Ng4 e5 27. Nxe5 Rxe5 28. Qxe5 Be6 29. Rhe1 Qc5 30. Qf4 Nd7 31. exd5 Bxd5 32. Re7 Be6 33. Nc4 1-0

[Event "*** Titled Tuesday Blitz"]
[Site "Chess.com"]
[Date "2021.03.09"]
[Round "10"]
[White "Matols"]
[Black "Gerasimenyuk_Miha"]
[Result "0-1"]
[WhiteElo "2275"]
[BlackElo "2431"]
[TimeControl "180+1"]
[EndTime "11:59:17 PST"]
[Termination "Gerasimenyuk_Miha won by resignation"]

1. d4 d5 2. c4 Nc6 3. Nc3 Nf6 4. Nf3 Bg4 5. cxd5 Bxf3 6. dxc6 Bxc6 7. Bg5 e6 8. e3 Be7 9. Bd3 O-O 10. O-O h6 11.
Bh4 Nd5 12. Bxe7 Qxe7 13. Nxd5 Bxd5 14. e4 Bc6 15. Rc1 Rad8 16. Bb1 Qf6 17. e5 Qf4 18. Rxc6 bxc6 19. Qc2 g6 20. Qxc6 Rxd4 21. Qxc7 Rfd8 22. g3 Qf3 23. Bc2 Rd2 24. Bb3 Kg7 25. Qxa7 Rxb2 26. Bxe6 Rdd2 27. Bb3 h5 28. e6 Rxf2 29. Rxf2 Rb1+ 0-1

[Event "*** Titled Tuesday Blitz"]
[Site "Chess.com"]
[Date "2021.03.09"]
[Round "10"]
[White "ChronicUnhappiness"]
[Black "MuhittinBuker"]
[Result "0-1"]
[WhiteElo "2327"]
[BlackElo "2186"]
[TimeControl "180+1"]
[EndTime "11:59:17 PST"]
[Termination "MuhittinBuker won on time"]

1. d4 d5 2. c4 e6 3. Nc3 Nf6 4. cxd5 exd5 5. Bg5 c6 6. e3 Be7 7. Bd3 Nbd7 8. Nf3 O-O 9. O-O Re8 10. Qc2 Nf8 11.
h3 g6 12. Ne5 Ne6 13. Bxf6 Bxf6 14. f4 Bg7 15. f5 Ng5 16. fxg6 hxg6 17. Nxf7 Nxf7 18.
Bxg6 Re7 19. Bh7+ Kh8 20. Qg6 Nh6 21. Rf3 Bd7 22. Raf1 Qe8 23. Qd3 Be6 24. Ne2 Bg8 25. Bg6 Bf7 26. Nf4 Kg8 27. Bh7+ Kh8 28. Ng6+ Bxg6 29. Bxg6 Qd7 30. Rg3 Qe6 31. Qe2 Rf8 0-1

[Event "*** Titled Tuesday Blitz"]
[Site "Chess.com"]
[Date "2021.03.09"]
[Round "10"]
[White "Sagar_Raina"]
[Black "BanjoKazooieN64"]
[Result "0-1"]
[WhiteElo "2284"]
[BlackElo "2409"]
[TimeControl "180+1"]
[EndTime "11:59:18 PST"]
[Termination "BanjoKazooieN64 won on time"]

1. d4 Nf6 2. c4 g6 3. Nc3 Bg7 4. e4 d6 5. Be2 O-O 6. Nf3 e5 7. d5 a5 8. Bg5 Na6 9. Nd2 Nc5 10. g4 c6 11. h4 cxd5 12. Nxd5 Be6 13. h5 Bxd5 14.
cxd5 h6 15. Bxf6 Qxf6 16. f3 Qf4 17. Nf1 f5 18. gxf5 gxf5 19. Qd2 fxe4 20. Qxf4 exf4 21.
O-O-O Rae8 22. fxe4 Rxe4 23. Bg4 Rb4 24. b3 a4 25. Nd2 axb3 26. Nxb3 Nxb3+ 27. axb3 Rxb3 28. Be6+ Kh8 29. Rhg1 f3 30. Kc2 Rc3+ 31. Kd2 f2 32. Rgf1 Bd4 33. Ke2 Re3+ 34. Kd2 Ra8 35. Rc1 Ra2+ 36.
Kd1 Ree2 37. Rc8+ Kg7 38. Rg8+ Kf6 39. Rf8+ Ke7 40. Rf7+ Ke8 41. Rg7 Re1+ 42. Rxe1 Ra1+ 43. Kd2 fxe1=Q+ 0-1

[Event "*** Titled Tuesday Blitz"]
[Site "Chess.com"]
[Date "2021.03.09"]
[Round "10"]
[White "seorobert1971"]
[Black "FairChess_on_YouTube"]
[Result "0-1"]
[WhiteElo "2739"]
[BlackElo "2969"]
[TimeControl "180+1"]
[EndTime "11:59:19 PST"]
[Termination "FairChess_on_YouTube won by resignation"]

1. d4 Nf6 2. Nf3 c5 3. d5 b5 4. Bg5 Qb6 5. a4 b4 6. c4 Ne4 7. Bf4 Qf6 8. Bc1 e5 9. Qc2 Nd6 10. e4 g6 11. Bg5 Qg7 12. Nbd2 h5 13. g3 Na6 14. Bg2 f6 15. Be3 Nf7 16. O-O d6 17.
Nh4 Nh6 18. h3 Be7 19. f4 exf4 20. gxf4 g5 21. fxg5 fxg5 22. Nf5 Bxf5 23. exf5 O-O-O 24. Qe4 Nc7 25. Bxc5 Rhe8 26. Bxa7 Bf6 27. Qd3 g4 28. c5 Bd4+ 29. Kh1 Re3 30. Qc2 gxh3 31. Bf3 Rg8 32. Rg1 Qxg1+ 33. Rxg1 Rxg1+ 34. Kxg1 Rc3+ 35. Kh2 Rxc2 0-1

[Event "*** Titled Tuesday Blitz"]
[Site "Chess.com"]
[Date "2021.03.09"]
[Round "10"]
[White "Barbix1"]
[Black "DFeco"]
[Result "1-0"]
[WhiteElo "2428"]
[BlackElo "2292"]
[TimeControl "180+1"]
[EndTime "11:59:19 PST"]
[Termination "Barbix1 won by resignation"]

1. e4 e5 2. Nc3 Nf6 3. f4 d5 4.
fxe5 Nxe4 5. Nf3 Nc6 6. Bb5 Bg4 7. Qe2 Nxc3 8. dxc3 Bc5 9. Bf4 O-O 10. O-O-O a6 11.
Bd3 b5 12. Qe1 b4 13. c4 d4 14. Qg3 Bxf3 15. Qxf3 Ne7 16. Qe4 Ng6 17. h4 f5 18.
exf6 Qxf6 19. Bg5 Qe5 20. Rde1 Qxe4 21. Bxe4 Rae8 22. h5 Ne5 23. Bd5+ Kh8 24. Re4 c6 25. Rhe1 cxd5 26. cxd5 Bd6 27. g3 Rc8 28. Rxe5 Bxe5 29. Rxe5 h6 30. Bf4 Rfe8 31. Rxe8+ Rxe8 32. Kd2 Kg8 33. Kd3 Kf7 34. Kxd4 Re2 35. Kd3 Rh2 36. a3 bxa3 37. bxa3 Rxh5 38. c4 Ke7 39. Ke4 Rh1 40.
c5 Kd7 41. c6+ Kd8 42. d6 Re1+ 43. Kd5 Rd1+ 44. Kc5 Rc1+ 45. Kb6 g5 46. Be5 Rb1+ 47.
Kxa6 h5 48. Bf6+ Ke8 49. d7+ Kf7 50. d8=Q 1-0

[Event "*** Titled Tuesday Blitz"]
[Site "Chess.com"]
[Date "2021.03.09"]
[Round "10"]
[White "vovachesss"]
[Black "rpragchess"]
[Result "0-1"]
[WhiteElo "2702"]
[BlackElo "2917"]
[TimeControl "180+1"]
[EndTime "11:59:21 PST"]
[Termination "rpragchess won by resignation"]

1. c4 g6 2. g3 Bg7 3. Bg2 d6 4. Nc3 h5 5. h4 c5 6. e3 Nc6 7.
Nge2 Bf5 8. d4 cxd4 9. Nxd4 Bd7 10. O-O Nh6 11. b3 Nf5 12. Bb2 Ncxd4 13. exd4 Bxd4 14. Bxb7 Rb8 15. Be4 e5 16. Kg2 g5 17. Qf3 Ng7 18.
Bd5 f5 19. Rh1 g4 20. Qd3 Qf6 21. Nd1 Bxb2 22. Nxb2 f4 23. Nd1 Bf5 24. Be4 Bxe4+ 25. Qxe4 O-O 26. Re1 Nf5 27. Nc3 fxg3 28. fxg3 Nxg3 29.
Qe3 Nf5 30. Qg5+ Qxg5 31. hxg5 Kg7 32. Ne4 Kg6 33. Rad1 Rbd8 34. Rd5 h4 35. Ra5 h3+ 36. Kh2 Rf7 37. Ra6 Kh5 38. Nf6+ Kxg5 39. Ne4+ Kh4 40. Rf1 Rdf8 41. Nxd6 g3+ 42. Kg1 h2+ 43. Kh1 Nxd6 44. Rxf7 Rxf7 0-1

[Event "*** Titled Tuesday Blitz"]
[Site "Chess.com"]
[Date "2021.03.09"]
[Round "10"]
[White "OMGCovid-19"]
[Black "chesslh19"]
[Result "1-0"]
[WhiteElo "2083"]
[BlackElo "2237"]
[TimeControl "180+1"]
[EndTime "11:59:21 PST"]
[Termination "OMGCovid-19 won on time"]

1. e4 e5 2. Nf3 Nf6 3. Nxe5 d6 4. Nf3 Nxe4 5. Nc3 Nxc3 6. dxc3 Be7 7. Bd3 Nc6 8. Bf4 Be6 9. Qe2 Qd7 10. O-O-O O-O-O 11. Kb1 Kb8 12. Bb5 Bf6 13. Nd4 Nxd4 14. cxd4 Qc8 15.
Be3 d5 16. c4 dxc4 17. Bxc4 Rhe8 18. Ka1 Bxc4 19. Qxc4 Qe6 20. d5 Qe4 21. Qb3 b6 22. Rd2 Qxg2 23. Rhd1 Qe4 24. Qb5 Be5 25. Rd3 Bd6 26.
Rc3 Qb4 27. Qd3 Qe4 28. Qa6 f5 29. Bg5 Rd7 30. Rdc1 Qg4 31. Be3 f4 32. Bd4 Qf5 33. Rc6 Qxd5 34. Bxb6 1-0

[Event "*** Titled Tuesday Blitz"]
[Site "Chess.com"]
[Date "2021.03.09"]
[Round "10"]
[White "Savagelittlemole"]
[Black "Trickov"]
[Result "1/2-1/2"]
[WhiteElo "2521"]
[BlackElo "2390"]
[TimeControl "180+1"]
[EndTime "11:59:24 PST"]
[Termination "Game drawn by repetition"]

1. e4 c5 2. Ne2 d6 3. g3 Nc6 4.
Bg2 g6 5. c3 Bg7 6. d4 Nf6 7.
O-O O-O 8. h3 e5 9. Be3 b6 10.
Na3 Ba6 11. d5 Ne7 12. c4 Nh5 13. Qc2 f5 14. f4 fxe4 15. Bxe4 Qd7 16. g4 exf4 17.
Nxf4 Ng3 18. Rf2 Nxe4 19. Qxe4 Rae8 20. Raf1 Rxf4 21. Bxf4 Bd4 22. Qf3 Rf8 23. Qe2 Rxf4 24. b3 Bc8 25. Nb5 Bxf2+ 26. Rxf2 Rxf2 27. Qxf2 a6 28. Nc3 Kg7 29. Ne4 Ng8 30. Qf4 Qe7 31. Nxd6 Bd7 32.
Ne4 Nf6 33. Nxf6 Qxf6 34. Qc7 Qd4+ 35. Kg2 Qd2+ 36. Kg3 Qe1+ 37. Kg2 Qe2+ 38. Kg3 Qe3+ 39. Kg2 Qe2+ 40. Kg3 Qe3+ 41. Kg2 Qe2+ 1/2-1/2

[Event "*** Titled Tuesday Blitz"]
[Site "Chess.com"]
[Date "2021.03.09"]
[Round "10"]
[White "Herman-NY"]
[Black "barbara25"]
[Result "1-0"]
[WhiteElo "2458"]
[BlackElo "2292"]
[TimeControl "180+1"]
[EndTime "11:59:24 PST"]
[Termination "Herman-NY won by resignation"]

1. e4 c5 2. Nf3 d6 3. d4 cxd4 4.
Nxd4 Nf6 5. Nc3 a6 6. Bc4 e6 7. a3 Be7 8. Ba2 O-O 9. g4 Nc6 10. g5 Ne8 11. Rg1 Nxd4 12. Qxd4 e5 13. Qd3 Nc7 14.
Be3 Be6 15. Bb6 Bxa2 16. Rxa2 Qd7 17. Bxc7 Qxc7 18. Nd5 Qd8 19. h4 Rc8 20. a4 Re8 21. a5 Bf8 22. c4 Rc5 23. b4 Rc8 24. h5 Re6 25. Rg3 Rc6 26. Kd2 Qc8 27. Kc3 Qd7 28. Kb3 Re8 29. Ra1 Rec8 30. Rc1 Re8 31. Qf3 Qe6 32. h6 Rec8 33. hxg7 Bxg7 34. Qf5 Qxf5 35. exf5 Re8 36. f6 Bf8 37. Re1 e4 38. Rg4 e3 39.
Rxe3 Rec8 40. Rh3 Rd8 41. f4 Rcc8 42. f5 Re8 43. Rgh4 h6 44. g6 Re1 45. g7 Bxg7 46. Rg4 Rb1+ 47. Ka2 Rc1 48. Rxg7+ Kf8 49. Rxh6 Rc2+ 50.
Kb3 Rh2 51. Rxh2 1-0

[Event "*** Titled Tuesday Blitz"]
[Site "Chess.com"]
[Date "2021.03.09"]
[Round "10"]
[White "Isajevsky_Anton"]
[Black "chessmachine14"]
[Result "0-1"]
[WhiteElo "2443"]
[BlackElo "2344"]
[TimeControl "180+1"]
[EndTime "11:59:24 PST"]
[Termination "chessmachine14 won on time"]

1. c4 c5 2. Nc3 Nf6 3. Nf3 a6 4. g3 e6 5. Bg2 Be7 6. O-O O-O 7. b3 d5 8. cxd5 exd5 9. d4 Ne4 10. Bb2 Bf6 11.
e3 Nxc3 12. Bxc3 Nc6 13. Rc1 Bg4 14. dxc5 Bxc3 15. Rxc3 Qf6 16. Rc2 Ne5 17. Qxd5 Bxf3 18. Bxf3 Nxf3+ 19. Kg2 Ng5 20. h4 Ne6 21. Qxb7 Qf5 22.
Rfc1 g5 23. Rc4 gxh4 24. Rxh4 Nxc5 25. Qe7 Ne6 26. Rch1 Rac8 27. e4 Qg6 28. Qb4 Rc2 29. a4 Ng5 30. Qd4 f5 31. e5 Qc6+ 32. Kh2 Nf3+ 0-1

[Event "*** Titled Tuesday Blitz"]
[Site "Chess.com"]
[Date "2021.03.09"]
[Round "10"]
[White "noblerone"]
[Black "Chernov_Alexander_A"]
[Result "1/2-1/2"]
[WhiteElo "2388"]
[BlackElo "2279"]
[TimeControl "180+1"]
[EndTime "11:59:24 PST"]
[Termination "Game drawn by repetition"]

1. d4 Nf6 2. Nf3 e6 3. Bg5 c5 4. e3 b6 5. Nbd2 Bb7 6. Bd3 Be7 7. c3 O-O 8. O-O d5 9. Ne5 Nbd7 10. f4 Ne4 11. Bxe7 Qxe7 12. Nxd7 Qxd7 13. Nf3 cxd4 14. exd4 f6 15. Qe2 a6 16. Nd2 f5 17. Nf3 b5 18.
Ne5 Qd6 19. a3 Bc6 20. g4 g6 21. g5 Rfb8 22. Rf3 Be8 23. h4 a5 24. h5 Ra7 25.
Rh3 Rbb7 26. Kg2 gxh5 27. Qc2 Bg6 28. Be2 b4 29. axb4 axb4 30. Rxa7 Rxa7 31. Bxh5 Bxh5 32. Rxh5 bxc3 33. bxc3 Qa3 34. Rh6 Qa2 35. Qxa2 Rxa2+ 36. Kg1 Ra1+ 37. Kg2 Ra2+ 38. Kf1 Ra1+ 39. Kg2 Ra2+ 1/2-1/2

[Event "*** Titled Tuesday Blitz"]
[Site "Chess.com"]
[Date "2021.03.09"]
[Round "10"]
[White "The_filthy"]
[Black "rynos0411"]
[Result "0-1"]
[WhiteElo "2324"]
[BlackElo "2448"]
[TimeControl "180+1"]
[EndTime "11:59:26 PST"]
[Termination "rynos0411 won on time"]

1. e4 c6 2. Nf3 d5 3. Nc3 dxe4 4. Nxe4 Nf6 5. Nxf6+ exf6 6. d4 Bd6 7. Bd3 O-O 8. Be3 Bg4 9. c3 Re8 10. Qc2 g6 11. O-O-O Nd7 12. h3 Bxf3 13. gxf3 Qc7 14. h4 Bf4 15. h5 Nf8 16. hxg6 fxg6 17. Rdg1 Bxe3+ 18. fxe3 Rxe3 19. Be4 Qf4 20. Qb3+ Kh8 21. Kb1 f5 22. Bc2 Qc7 23. Qc4 Rae8 24. Bb3 Qg7 25.
a4 Nd7 26. a5 Nf6 27. Qf7 R3e7 28. Qc4 Nd5 29. Qc5 Nc7 30. Bc2 a6 31. Bxf5 Nd5 32.
Ka2 Qf7 33. Bxg6 Nxc3+ 34. Ka3 Qa2+ 35. Kb4 Nd5+ 36. Qxd5 cxd5 37. Bxe8 Qc4+ 0-1

[Event "*** Titled Tuesday Blitz"]
[Site "Chess.com"]
[Date "2021.03.09"]
[Round "10"]
[White "FredyMatsuura"]
[Black "DinaBelenkaya"]
[Result "0-1"]
[WhiteElo "2211"]
[BlackElo "2351"]
[TimeControl "180+1"]
[EndTime "11:59:26 PST"]
[Termination "DinaBelenkaya won by resignation"]

1. d4 d5 2. c4 dxc4 3. Nf3 Nf6 4. e3 Bg4 5. Bxc4 e6 6. O-O Nbd7 7. h3 Bh5 8. a3 c5 9. dxc5 Bxc5 10. b4 Be7 11.
Bb2 O-O 12. Nbd2 Rc8 13. Qb3 Nb6 14. Be2 Nbd5 15. Rfd1 Qe8 16. Bd4 a6 17. Nc4 h6 18.
Nce5 Ne4 19. Rac1 f6 20. Nd3 Qg6 21. Kf1 Kh8 22. g4 Bxg4 23. hxg4 Qxg4 24. Ke1 Qg2 25. Qb2 Qh1+ 26. Bf1 Qxf3 27. Rxc8 Rxc8 28. Rc1 Rd8 29.
Be2 Qh1+ 30. Bf1 h5 31. Qe2 Bd6 32. Nc5 Nxc5 33. bxc5 Bc7 34. Kd1 e5 35. Kc2 exd4 36. exd4 Nf4 37. Qe3 Qd5 38. Kb2 Qxd4+ 39. Qxd4 Rxd4 0-1

[Event "*** Titled Tuesday Blitz"]
[Site "Chess.com"]
[Date "2021.03.09"]
[Round "10"]
[White "tgpgoat"]
[Black "fabianvivasz"]
[Result "0-1"]
[WhiteElo "2178"]
[BlackElo "2285"]
[TimeControl "180+1"]
[EndTime "11:59:28 PST"]
[Termination "fabianvivasz won by checkmate"]

1. d4 Nf6 2. Nf3 g6 3. Bf4 Bg7 4. Nc3 d5 5. Qd2 Ne4 6. Nxe4 dxe4 7. Ne5 Nd7 8. Nxd7 Bxd7 9. O-O-O O-O 10. Bg3 c6 11. h4 h5 12. e3 Be6 13. Kb1 a5 14. Be2 b5 15. Bf4 a4 16. Rdg1 Qd5 17. b3 c5 18.
Bxb5 axb3 19. cxb3 cxd4 20. Bc4 Qxc4 21. bxc4 d3 22. f3 Bxc4 23. fxe4 Ra3 24. e5 Rfa8 25. Qb4 Bxa2+ 26. Kc1 Rb3 27. Qd4 Rc8+ 28. Kd1 Rc2 29. Qa1 Rb1+ 30. Qxb1 Bxb1 31. g4 hxg4 32. Rxg4 Ba2 33.
h5 Bb3 34. Rhg1 Ra2+ 35. Ke1 d2+ 36. Kf2 d1=Q+ 37. Kg3 Qxg1+ 38. Kh4 Qh2+ 39. Kg5 Qxh5# 0-1

[Event "*** Titled Tuesday Blitz"]
[Site "Chess.com"]
[Date "2021.03.09"]
[Round "10"]
[White "ural58"]
[Black "ljuks68"]
[Result "0-1"]
[WhiteElo "2565"]
[BlackElo "2462"]
[TimeControl "180+1"]
[EndTime "11:59:29 PST"]
[Termination "ljuks68 won on time"]

1. e4 e6 2. Qe2 Be7 3. d4 d5 4. e5 c5 5. Qg4 Kf8 6. dxc5 f6 7. Nf3 Nc6 8. Qg3 Nxe5 9. Nxe5 fxe5 10. Qxe5 Bxc5 11. Nc3 Nf6 12. Be2 Kf7 13. Bh5+ g6 14. Bf3 Qd6 15. Bf4 Qxe5+ 16. Bxe5 Bd7 17. O-O-O Rhe8 18. Rd2 Bc6 19. Re1 b5 20. Bd4 Bxd4 21. Rxd4 e5 22. Rxd5 Bxd5 23. Nxd5 Rac8 24. Nc3 b4 25.
Nb5 Rcd8 26. Nxa7 e4 27. Be2 Ra8 28. Bc4+ Kg7 29. Nb5 Red8 30. Bb3 Rac8 31. h3 Rc5 32. Na7 Rd7 33. f3 Rxa7 34. fxe4 Re5 0-1

[Event "*** Titled Tuesday Blitz"]
[Site "Chess.com"]
[Date "2021.03.09"]
[Round "10"]
[White "allvim"]
[Black "LamaChampetre"]
[Result "0-1"]
[WhiteElo "2334"]
[BlackElo "2235"]
[TimeControl "180+1"]
[EndTime "11:59:30 PST"]
[Termination "LamaChampetre won on time"]

1. e4 c5 2. Nf3 g6 3. Nc3 Nc6 4.
d4 cxd4 5. Nxd4 Bg7 6. Be3 Nf6 7.
Bc4 O-O 8. f3 Qb6 9. Ncb5 a6 10.
Nf5 Qa5+ 11. Bd2 Qd8 12. Nh6+ Bxh6 13. Bxh6 axb5 14. Bxf8 Qxf8 15. Bxb5 d6 16. O-O Qd8 17. Kh1 Qb6 18. Qe2 Be6 19. a4 Nd4 20. Qe3 Qc5 21. c3 Nxb5 22. Qxc5 dxc5 23. axb5 Rb8 24. Rfd1 Bc4 25.
b6 Ba6 26. Ra5 Rc8 27. e5 Ne8 28. Rd7 Kf8 29. h3 Rc6 30. Kh2 Rxb6 31. Rxc5 Bb5 32.
Rd8 Bc6 33. b4 e6 34. Ra5 Ke7 35. Raa8 Nc7 36. Rac8 Bd5 0-1

[Event "*** Titled Tuesday Blitz"]
[Site "Chess.com"]
[Date "2021.03.09"]
[Round "10"]
[White "MITerryble"]
[Black "Dyadya81"]
[Result "1-0"]
[WhiteElo "2942"]
[BlackElo "2733"]
[TimeControl "180+1"]
[EndTime "11:59:31 PST"]
[Termination "MITerryble won on time"]

1. e4 c6 2. Nf3 d5 3. exd5 cxd5 4. Ne5 Nc6 5. d4 Nf6 6. c3 e6 7. Bd3 Be7 8. O-O O-O 9. Qe2 Bd7 10. f4 Rc8 11.
Nd2 Ne8 12. Nxd7 Qxd7 13. f5 Bd6 14. fxe6 Qxe6 15. Qxe6 fxe6 16. Rxf8+ Bxf8 17. Nf3 Nf6 18. Bf4 Re8 19. Re1 g6 20. Ng5 h6 21. Bxg6 hxg5 22.
Bxg5 Nh7 23. Bxe8 Nxg5 24. h4 Ne4 25. Bg6 Be7 26. Bxe4 Bxh4 27. g3 Bxg3 28. Re2 Kf7 29. Bf3 Bd6 30. Bg4 e5 31. Bf3 e4 32. Bg4 Na5 33. Rf2+ Ke7 34. Be2 Ke6 35. Kf1 Nc6 36. Bg4+ Ke7 37. Rf5 1-0

[Event "*** Titled Tuesday Blitz"]
[Site "Chess.com"]
[Date "2021.03.09"]
[Round "10"]
[White "CSB7"]
[Black "kingofthenil"]
[Result "1-0"]
[WhiteElo "2618"]
[BlackElo "2767"]
[TimeControl "180+1"]
[EndTime "11:59:35 PST"]
[Termination "CSB7 won by resignation"]

1. d4 e5 2. dxe5 Nc6 3. Nf3 d6 4. Bf4 Bg4 5. Bg5 Qd7 6. Nc3 dxe5 7. Qxd7+ Bxd7 8. e4 f6 9. Be3 O-O-O 10. O-O-O g6 11. Bc4 Bh6 12. Rhe1 Bxe3+ 13. Rxe3 Nge7 14. Red3 Bg4 15. Rxd8+ Rxd8 16. Rxd8+ Kxd8 17. Ne1 Kd7 18. Kd2 Be6 19. Bxe6+ Kxe6 20. Nd3 Nd4 21. Nc5+ Kf7 22. Nxb7 Ne6 23. Na5 a6 24. f3 Nd4 25. Nb3 Nxb3+ 26. axb3 Ke6 27.
Kd3 Kd6 28. Kc4 Nc8 29. Nd5 Nb6+ 30. Nxb6 cxb6 31. b4 Kc6 32. b5+ axb5+ 33. Kb4 f5 34. g4 h5 35. g5 fxe4 36. fxe4 Kc7 37. Kxb5 Kb7 38. c4 Kc7 39. c5 bxc5 40. Kxc5 1-0

[Event "*** Titled Tuesday Blitz"]
[Site "Chess.com"]
[Date "2021.03.09"]
[Round "10"]
[White "GelmanAlexander"]
[Black "Alex-11211"]
[Result "1-0"]
[WhiteElo "2568"]
[BlackElo "2413"]
[TimeControl "180+1"]
[EndTime "11:59:35 PST"]
[Termination "GelmanAlexander won by checkmate"]

1. d4 Nf6 2. Nc3 d5 3. Bf4 e6 4. Nb5 Na6 5. e3 Be7 6. g4 c6 7. Nc3 h6 8. Bg2 c5 9. h4 Qb6 10. Rb1 Bd7 11. g5 Ng8 12. Nf3 Rc8 13. Ne5 cxd4 14.
exd4 Bb4 15. g6 Ne7 16. gxf7+ Kd8 17. Kf1 Nc7 18. a3 Bd6 19. Rh3 Nb5 20. Nxb5 Bxb5+ 21. Kg1 Rf8 22. b3 Nf5 23. c4 Bc6 24. c5 Bxc5 25.
dxc5 Qxc5 26. Rc1 Qxa3 27. Ra1 Qc5 28. Bh2 Qb6 29. Rc3 Ke7 30. Nxc6+ bxc6 31. Qe2 Kxf7 32. Rf3 g6 33. h5 Rfe8 34. hxg6+ Kxg6 35. Bh3 Rg8 36. Kh1 c5 37. Ra6 Qxb3 38. Qxe6+ Kh7 39. Bxf5+ Kh8 40.
Be5+ Rg7 41. Qxh6+ Kg8 42. Qxg7# 1-0

[Event "*** Titled Tuesday Blitz"]
[Site "Chess.com"]
[Date "2021.03.09"]
[Round "10"]
[White "Smile2005"]
[Black "Homyakova_Elena"]
[Result "0-1"]
[WhiteElo "2377"]
[BlackElo "2288"]
[TimeControl "180+1"]
[EndTime "11:59:37 PST"]
[Termination "Homyakova_Elena won by resignation"]

1. Nf3 c5 2. g3 Nc6 3. Bg2 g6 4.
O-O Bg7 5. d3 e6 6. e4 Nge7 7.
Nc3 O-O 8. Be3 b6 9. d4 d6 10. Qd2 Bb7 11. Rad1 a6 12. Bh6 Qc7 13. h4 Rfd8 14.
h5 d5 15. Bxg7 Kxg7 16. h6+ Kh8 17. Qg5 Ng8 18. exd5 f6 19. Qe3 exd5 20. dxc5 d4 21. Nxd4 Nxd4 22. Rxd4 Rxd4 23. Qxd4 bxc5 24. Qe3 Bxg2 25.
Kxg2 Qb7+ 26. Kg1 Qxb2 27. Qxc5 Qxc2 28. Qe3 Rc8 29. Nd5 Qc5 30. Qe6 Rc6 31. Qf7 Nxh6 32. Qe8+ Kg7 33. Qd7+ Nf7 34. Ne7 Rc7 35. Nf5+ gxf5 36.
Qe8 Qe5 37. Qa8 Rc2 38. Qxa6 Qe4 39. Qb7 Qxb7 0-1

[Event "*** Titled Tuesday Blitz"]
[Site "Chess.com"]
[Date "2021.03.09"]
[Round "10"]
[White "eguindy"]
[Black "Grineva_Marianna"]
[Result "1-0"]
[WhiteElo "2446"]
[BlackElo "2280"]
[TimeControl "180+1"]
[EndTime "11:59:38 PST"]
[Termination "eguindy won by checkmate"]

1. e4 c5 2. Nf3 d6 3. d4 cxd4 4. Nxd4 Nf6 5. Nc3 g6 6. b3 Bg7 7.
Bb2 O-O 8. Qe2 Nc6 9. Nxc6 bxc6 10. O-O-O Qa5 11. h3 Nd7 12. Qc4 Ne5 13. Qa4 Qb6 14. Qd4 Qc7 15. f4 c5 16. Nd5 Qb7 17. Qc3 e6 18. fxe5 exd5 19. Rxd5 Be6 20. Bc4 Rad8 21. Qg3 Bxd5 22. Bxd5 Qa6 23. Rf1 Qxa2 24. Bc3 dxe5 25. Kd2 Qa6 26. Qf3 Rd7 27. Qd3 Qd6 28. Qc4 Bh6+ 29.
Ke2 Re7 30. Rf3 Bf4 31. g3 Bh6 32. b4 Rc7 33. b5 Bg7 34. Bb2 Qe7 35. Kf2 h6 36.
Kg2 Kh7 37. Qd3 Rd7 38. c4 Rd6 39. Qe3 Rf6 40. Rxf6 Bxf6 41. h4 Rd8 42. Ba3 Rc8 43. Qb3 Rc7 44. Qa4 Qd6 45. Qa5 Bd8 46. Qd2 f5 47.
Bc1 fxe4 48. Qxh6# 1-0